 Dungeon Crawl Stone Soup version 0.29-a0-294-g83ea962da3 (webtiles) character file.

Game seed: 15517589644493086574

7 Westside the Chopper (level 2, 0/24 HPs)
             Began as a Human Berserker on May 10, 2020.
             Was a Follower of Trog.
             Slain by a rat (3 damage)
             ... on level 2 of the Dungeon on Mar 18, 2022.
             The game lasted 00:03:38 (120 turns).

Westside the Chopper (Human Berserker)               Turns: 120, Time: 00:03:39

Health: 0/24       AC:  2    Str: 17    XL:     2   Next: 5%
Magic:  2/2        EV: 12    Int:  7    God:    Trog [*.....]
Gold:   26         SH:  0    Dex: 12    Spells: 1/1 levels left

rFire   . . .      SeeInvis .   a - +0 hand axe
rCold   . . .      Faith    .   (no shield)
rNeg    . . .      Spirit   .   b - +0 animal skin
rPois   .          Reflect  .   (no helmet)
rElec   .          Harm     .   (no cloak)
rCorr   .          Rampage  .   (no gloves)
Will    .....                   (no boots)
Stlth   +.........              (no amulet)
HPRegen 0.08/turn               (no ring)
MPRegen 0.08/turn               (no ring)

@: no status effects
A: no striking features
a: Renounce Religion, Berserk


You were on level 2 of the Dungeon.
You worshipped Trog.
Trog was aware of your devotion.
You visited 1 branch of the dungeon, and saw 2 of its levels.

You collected 26 gold pieces.

Inventory:

Hand Weapons
 a - a +0 hand axe (weapon)
Armour
 b - a +0 animal skin (worn)
Potions
 d - a potion of flight {unknown}
Comestibles
 c - a removed food


   Skills:
 + Level 3.1 Fighting
 + Level 3.2 Axes
 + Level 2.0 Armour
 + Level 2.0 Dodging


You had one spell level left.
You didn't know any spells.
Your spell library was empty.

Dungeon Overview and Level Annotations

Branches:
Dungeon (2/15)

Altars:


Message History

The dart slug is almost dead.
You closely miss the ball python. The ball python closely misses you.
The ball python constricts you. The dart slug launches a dart at you.
The slug dart hits you.
* * * LOW HITPOINT WARNING * * *
Okay, then.
Okay, then.
You hit the dart slug.
The dart slug is almost dead.
You hit the ball python.
You kill the ball python!
Trog accepts your kill. The dart slug launches a dart at you.
The slug dart misses you. The dart slug launches a dart at you.
The slug dart misses you.
You have reached level 2!
The dart slug launches a dart at you. The slug dart hits you.
* * * LOW HITPOINT WARNING * * *
The dart slug launches a dart at you. The slug dart misses you.
A frilled lizard comes into view.
The frilled lizard moves out of view.
The frilled lizard barely misses you.
The frilled lizard attacks as you move away!
The frilled lizard closely misses you.
You hit the frilled lizard.
You kill the frilled lizard!
Trog accepts your kill.
There is a stone staircase leading down here.
You can't go up here!
You climb downwards.
The endoplasm quivers.
Found two robes and a scroll labelled GUEJESTO ROCH.
Found a stone staircase leading up.
There is a stone staircase leading up here.
The rat bites you.
You die...

##......<....
#...........
#..........#
#..........#
#....[.....#
[..........
##.......#.###
......r@.....#
.######.#.....#
#.. ..... #...
r?.. #.... ...
J..... .#
....... .
........


You could see an endoplasm, a quokka and a rat.

Vanquished Creatures
  A ball python (D:1)
  A giant cockroach (D:1)
  2 hobgoblins (D:1)
  A bat (D:1)
  A frilled lizard (D:1)
6 creatures vanquished.

Notes
Turn   | Place    | Note
-------+----------+-------------------------------------------
     0 | D:1      | Westside the Human Berserker began the quest for the Orb.
     0 | D:1      | Reached XP level 1. HP: 18/18 MP: 1/1
    26 | D:1      | Upgraded the game from 0.25-a0-990-g0adbbaad2a to
                  | 0.29-a0-294-g83ea962da3
    95 | D:1      | Reached XP level 2. HP: 3/24 MP: 2/2
    96 | D:1      | HP: 1/24 [dart slug/slug dart (2)]
   120 | D:2      | Slain by a rat

Illustrated notes

Levels and vault maps discovered:
D:1:      dpeg_arrival_rooms_a, layout_basic
D:2:      layout_rooms, hangedman_decor_points, uniq_jessica, uniq_terence

Action                   || total
-------------------------++-------
Melee: Hand axe          ||    12
Armor: Animal skin       ||     1
Dodge: Dodged            ||    23

Table legend: (Time is in decaauts)
 A = Elapsed time spent in this place.
 B = Non-inter-level travel time spent in this place.
 C = Inter-level travel time spent in this place.
 D = Time resting spent in this place.
 E = Time spent auto-exploring this place.
 F = Levels seen in this place.
 G = Mean time per level.
                   A        B        C        D        E       F      G
               +--------+--------+--------+--------+--------+-----+--------+
         Total |    121 |     92 |     29 |      0 |     47 |   2 |   60.5 |
       Dungeon |    121 |     92 |     29 |      0 |     47 |   2 |   60.5 |
               +--------+--------+--------+--------+--------+-----+--------+

Top non-repeatable levels by time:
     D:1: 94 daAuts
     D:2: 0 daAuts
Note: time per level data comes from an upgraded game and may be incomplete.
